 Dungeon Crawl Stone Soup version 0.30-a0-777-ga9a30cbeda (webtiles) character file.

Game seed: 1870592023095637237

575 garrulousMonolith the Changer (level 7, -1/45 HPs)
             Began as an Octopode Transmuter on Feb 14, 2023.
             Slain by an iguana (6 damage)
             ... on level 4 of the Dungeon.
             The game lasted 00:07:21 (3942 turns).

garrulousMonolith the Changer (Octopode Transmuter) Turns: 3942, Time: 00:07:21

Health: -1/45      AC:  2    Str: 11    XL:     7   Next: 35%
Magic:  9/11       EV: 21    Int: 15    God:
Gold:   84         SH:  0    Dex: 24    Spells: 4/12 levels left

rFire   . . .      SeeInvis .      - Unarmed
rCold   . . .      Faith    .    (shield currently unavailable)
rNeg    . . .      Spirit   .    (helmet currently unavailable)
rPois   x          Reflect  .    (no amulet)
rElec   .          Harm     .    u - ring of wizardry
rCorr   .          Rampage  .    h - +6 ring of dexterity
Will    .....                    (no ring)
Stlth   +++                      (no ring)
HPRegen 0.27/turn                (no ring)
MPRegen 0.12/turn                (no ring)
                                 (no ring)
                                 (no ring)

@: spider-form
A: venomous fangs, almost no armour, (amphibious), 8 rings, tiny, (camouflage
1), (gelatinous body 1), (nimble swimmer 1), (tentacles)
a: End Transformation


You were on level 4 of the Dungeon.
You were a venomous arachnid creature.
You visited 1 branch of the dungeon, and saw 4 of its levels.

You collected 171 gold pieces.
You spent 87 gold pieces at shops.

Inventory:

Hand Weapons
 l - a +0 sling
 o - the +4 hammer of Buakk {heavy, +Blink rC- Str+5 Dex+5}
   (You found it on level 2 of the Dungeon)

   Str:       It affects your strength (+5).
   Dex:       It affects your dexterity (+5).
   rC:        It makes you vulnerable to cold.
   +Blink:    It lets you blink.
 w - a +2 dagger of draining
Missiles
 j - 4 boomerangs
 k - 6 boomerangs of dispersal
 p - 8 poisoned darts
 q - 2 throwing nets
Jewellery
 d - a +6 ring of intelligence
 h - a +6 ring of dexterity (right front pincers)
 u - a ring of wizardry (left front pincers)
 v - an amulet of magic regeneration
Scrolls
 b - a scroll of immolation {unknown}
 g - a scroll of identify
 i - a scroll of teleportation {unknown}
 m - a scroll of blinking {unknown}
 s - a scroll of brand weapon {unknown}
 t - a scroll of poison {unknown}
 x - a scroll of vulnerability {unknown}
Potions
 a - a potion of lignification
 c - a potion of haste {unknown}
 e - a potion of curing
 f - 2 potions of brilliance
 n - a potion of mutation
 r - a potion of invisibility


   Skills:
 + Level 2.5 Fighting
 + Level 3.2 Dodging
 + Level 3.3 Stealth
 + Level 4.0 Unarmed Combat
 + Level 3.0 Spellcasting
 * Level 4.2 Transmutations
 * Level 1.1 Ice Magic
 - Level 3.0 Poison Magic


You had 4 spell levels left.
You knew the following spells:

 Your Spells              Type           Power      Damage    Failure   Level
a - Beastly Appendage     Tmut           30%        N/A       4%          1
b - Wereblood             Tmut           15%        N/A       6%          2
c - Spider Form           Tmut/Pois      13%        N/A       13%         3
d - Passwall              Tmut/Erth      6%         N/A       12%         2

Your spell library contained the following spells:

 Spells                   Type           Power      Damage    Failure   Level
 Apportation              Tloc           4%         N/A       17%         1
 Necrotise                Necr           8%         1d4       17%         1
 Summon Small Mammal      Summ           8%         N/A       17%         1
 Ensorcelled Hibernation  Hex/Ice        8%         N/A       21%         2
 Static Discharge         Conj/Air       4%         2-3/arc   24%         2
 Swiftness                Air            2%         N/A       38%         3
 Vhi's Electric Charge    Tloc/Air       4%         N/A       38%         3
 Ice Form                 Ice/Tmut       10%        N/A       41%         4
 Arcjolt                  Conj/Air       1%         1d11      95%         5
 Lightning Bolt           Conj/Air       1%         1d12      95%         5
 Malign Gateway           Summ/Tloc      1%         N/A       100%        7
 Summon Horrible Things   Summ           1%         N/A       100%        8


Dungeon Overview and Level Annotations

Branches:
Dungeon (4/15)
 Temple: D:4-7

Altars:
Trog
Vehumet

Shops:
D:4 *


Innate Abilities, Weirdness & Mutations

You are a venomous arachnid creature.
You have venomous fangs.
You are tiny and dextrous.
Your spellcasting is less reliable in this form.
Your armour is entirely melded.
You are incapable of wielding weapons or throwing items.
You cannot wear most types of armour.
((You are amphibious.))
You can wear up to eight rings at the same time.
((Your skin changes colour to match your surroundings (Stealth+).))
((Your rubbery body absorbs attacks. (AC +1, EV +1)))
((You are camouflaged when in or above water. (Stealth+)))
((You have tentacles for arms and can constrict up to eight enemies at once.))


Message History

A hobgoblin appears from thin air!
Reactivating autopickup.
The orc hits you with a +0 flail. The orc attacks as you move away!
The orc barely misses you.
The hobgoblin drinks a potion.
The hobgoblin flickers and vanishes!
Deactivating autopickup; reactivate with Ctrl-A.
Casting: Spider Form (dangerous; 6% risk of failure)
Confirm with . or Enter, or press ? or * to list all spells.
You turn into a venomous arachnid creature.
The orc misses you.
You hit the orc but do no damage.
The orc is poisoned.
An orc comes into view. It is wielding a +0 hand axe.
The orc closely misses you.
You hit the orc.
The orc is lightly wounded.
The orc barely misses you.
The orc priest calls down the wrath of Beogh upon you.
Beogh smites you!
* * * LOW HITPOINT WARNING * * *
You hit the orc.
The orc looks as sick as possible!
The orc is severely wounded.
You kill the orc!
You barely miss the orc. The orc closely misses you.
You bite the orc!
You kill the orc!
You completely miss the iguana.
The iguana is heavily wounded.
The iguana completely misses you.
You barely miss the iguana.
The iguana is heavily wounded.
The iguana bites you!
* * * LOW HITPOINT WARNING * * *
You feel better. The iguana misses you.
You hit the iguana but do no damage.
The iguana is heavily wounded.
The orc priest mumbles some strange prayers to Beogh against you.
Beogh smites you!
* * * LOW HITPOINT WARNING * * *
The iguana bites you.
You die...

#.....##.#. ### ###'###....##
.... ##.....####.#. ....###
#.......# #.#. ......$
###.......###.#< .......
#.'..._...'.#.## .......
#.#.......#..†..
......†#########.#.......######
......††...o.ls..##.....##.>...
...........o#########+#####.###
.......####.# #.#.....# .......
#o# #.(.....# .....## #.#
###.....# ..... #.# #.....###
.... #.# #........ .### ..#
#........ #........


You could see an iguana, an orc priest and an orc.

Vanquished Creatures
  A steam dragon (D:4)
  A phantom (D:4)
  A howler monkey (D:4)
  A jelly (D:4)
  An orc priest (D:4)
  Crazy Yiuf (D:2)
  A gnoll bouda (D:3)
  Terence (D:2)
  4 gnolls (D:3)
  5 adders
  4 worms
  3 dart slugs
  5 orcs
  14 endoplasms
  2 giant cockroaches (D:2)
  11 goblins
  7 hobgoblins
  2 jackals (D:4)
  3 quokkas
  11 ball pythons
  6 bats
  7 frilled lizards
  6 kobolds
  5 rats
103 creatures vanquished.

Vanquished Creatures (others)
  A quokka (D:4)
1 creature vanquished.

Grand Total: 104 creatures vanquished

Notes
Turn   | Place    | Note
-------+----------+-------------------------------------------
     0 | D:1      | garrulousMonolith the Octopode Transmuter began the quest
                  | for the Orb.
     0 | D:1      | Reached XP level 1. HP: 13/13 MP: 3/3
   170 | D:1      | Reached XP level 2. HP: 17/18 MP: 0/5
   220 | D:1      | Learned a level 2 spell: Wereblood
   229 | D:1      | Found a faded altar of an unknown god.
   287 | D:1      | Reached skill level 1 in Stealth
   451 | D:1      | Reached XP level 3. HP: 18/23 MP: 4/6
   820 | D:2      | Learned a level 3 spell: Spider Form
   843 | D:2      | Noticed Terence
  1409 | D:2      | Reached XP level 4. HP: 27/28 MP: 7/7
  1575 | D:2      | Reached skill level 1 in Poison Magic
  1717 | D:2      | Killed Terence
  1904 | D:2      | Found a runed translucent door.
  1905 | D:2      | Noticed Crazy Yiuf
  1907 | D:2      | Identified the +4 hammer of Buakk {heavy, +Blink rC- Str+5
                  | Dex+5}
  1917 | D:2      | Killed Crazy Yiuf
  1918 | D:2      | Reached XP level 5. HP: 34/34 MP: 4/8
  2525 | D:3      | Learned a level 2 spell: Passwall
  2547 | D:3      | Found a bloodstained altar of Trog.
  2823 | D:3      | Reached XP level 6. HP: 28/39 MP: 3/9
  3185 | D:4      | Found Laduofy's Assorted Antiques.
  3251 | D:4      | Bought a potion of curing for 87 gold pieces
  3485 | D:4      | Noticed a steam dragon
  3498 | D:4      | Killed a steam dragon
  3599 | D:4      | Reached XP level 7. HP: 21/45 MP: 8/11
  3762 | D:4      | Found a radiant altar of Vehumet.
  3786 | D:4      | Reached skill level 1 in Ice Magic
  3942 | D:4      | Slain by an iguana

Illustrated notes

Levels and vault maps discovered:
D:1:      pf_arrival_petrified_forest, layout_rooms,
          shapermc_ecumenical_altar_venn, fountainhead,
          chequers_serial_rivers_room_b
D:2:      kennysheep_big_flooded_room, layout_basic, uniq_crazy_yiuf_cottage,
          uniq_terence
D:3:      layout_basic, trog_hazing_becter, hangedman_decor_clover_reticule
D:4:      layout_basic, nicolae_vehumet_altar_sigil, portal_sewer_entry_b,
          serial_shops, nicolae_stop_n_shop_1, shop_fountains, shop, shop

Skill      XL: |  1  2  3  4  5  6  7 |
---------------+----------------------+-----
Stealth        | 1 2 3 |  3.3
Poison Magic   | 1 2 3 |  3.0
Transmutations | 3 4 |  4.2
Fighting       | 2 |  2.5
Dodging        | 3 |  3.2
Ice Magic      | 1 |  1.1
Unarmed Combat | 4 |  4.0
Spellcasting   | 3 |  3.0

Action                     |  1- 3 |  4- 6 |  7- 9 || total
---------------------------+-------+-------+-------++-------
  Melee: Unarmed           |    83 |   131 |    38 ||   252
         Kick              |    14 |     8 |       ||    22
         Constrict         |    20 |    19 |     2 ||    41
         Tentacles         |    14 |    16 |     5 ||    35
         Punch             |     1 |     7 |       ||     8
   Cast: Beastly Appendage |    15 |    16 |       ||    31
         Spider Form       |       |    11 |     4 ||    15
         Wereblood         |       |     1 |       ||     1
    Use: Potion            |       |     3 |     3 ||     6
         Scroll            |       |     4 |       ||     4
   Stab: Sleeping          |     9 |     7 |     1 ||    17
 Armour: Skin              |     5 |     5 |     1 ||    11
  Dodge: Dodged            |    71 |   115 |    43 ||   229

Table legend: (Time is in decaauts)
 A = Elapsed time spent in this place.
 B = Non-inter-level travel time spent in this place.
 C = Inter-level travel time spent in this place.
 D = Time resting spent in this place.
 E = Time spent auto-exploring this place.
 F = Levels seen in this place.
 G = Mean time per level.
                   A        B        C        D        E       F      G
               +--------+--------+--------+--------+--------+-----+--------+
         Total |   3924 |   3820 |    104 |    735 |   2134 |   4 |  981.0 |
       Dungeon |   3924 |   3820 |    104 |    735 |   2134 |   4 |  981.0 |
               +--------+--------+--------+--------+--------+-----+--------+

Top non-repeatable levels by time:
     D:2: 1466 daAuts
     D:3: 877 daAuts
     D:1: 828 daAuts
     D:4: 751 daAuts
